AoeStats
← Naranja

Arena

510560961Analyzed
1v1 RM · 1d ago on Oct 1, 2026· 21m 40s· 2 players
Game mode
Random Map
Map size
Tiny (2 player)
Population
200
Speed
Normal
Resources
Standard
Victory
Conquest
Starting age
Dark Age
Ending age
Imperial Age
RankedLock teamsTeams togetherTeam positionsShared explorationLock speedFull tech treeHidden civsTurbo modeCheats
Victory
Defeat
🇪🇸 Bulgarians · Spain
602
+17
🇫🇷 Slavs · France
632
-17
guillermou1
13:47 Feudal Age
16:01 Double-Bit Axe
17:17 Scale Mail Armor
18:47 Arson
19:46 Forging
Naranja
11:15 Feudal Age
11:41 Double-Bit Axe
11:44 Horse Collar
13:48 Gold Mining
18:04 Castle Age
17:36 Stone Mining
Connection lost

Rejoining the realm…

Still unreachable

The connection could not be restored.

Session expired

The server has moved on; the page needs a fresh start.